 Dungeon Crawl Stone Soup version 0.28.0-47-ge53b351184 (webtiles) character file.

Game seed: 13860510340453623928

4606 Icepheonix32 the Frost Mage (level 10, -19/70 HPs)
             Began as a Demonspawn Ice Elementalist on May 5, 2022.
             Hit by a large rock thrown by a cyclops (43 damage)
             ... on level 8 of the Dungeon.
             The game lasted 00:19:08 (11503 turns).

Icepheonix32 the Frost Mage (DsIE)                 Turns: 11503, Time: 00:19:08

Health: -19/70     AC: 15    Str: 11    XL:     10   Next: 19%
Magic:  12/18      EV: 13    Int: 20    God:
Gold:   305        SH:  0    Dex: 14    Spells: 13/20 levels left

rFire   . . .      SeeInvis +   w - +8 trident of the Octopus King {venom, rElec rPois}
rCold   . . .      Faith    .   (no shield)
rNeg    . . .      Spirit   .   q - +0 robe "Nyczuxt" {SInv}
rPois   +          Reflect  .   t - +1 helmet
rElec   +          Harm     .   (no cloak)
rCorr   .          Rampage  .   u - +0 pair of gloves
Will    .....                   G - +1 pair of boots
Stlth   +++.......              (no amulet)
HPRegen 0.21/turn               c - ring of flight
MPRegen 0.16/turn               (no ring)

@: ice-armoured, freezing walls, flying
A: powered by pain 2, spiny 2, big brain 1
a: no special abilities


You were on level 8 of the Dungeon.
You visited 2 branches of the dungeon, and saw 9 of its levels.

You collected 540 gold pieces.
You spent 235 gold pieces at shops.

Inventory:

Hand Weapons
 k - a +1 spectral club
 n - a +3 dagger
 w - the +8 trident of the Octopus King (weapon) {venom, rElec rPois}
   (You found it on level 5 of the Dungeon)

   It poisons the flesh of those it strikes.
   rElec:     It insulates you from electricity.
   rPois:     It protects you from poison.
 E - a +3 great sword
 I - a +1 vorpal shortbow
Missiles
 i - 9 poisoned darts
 C - a throwing net
 J - 27 arrows
Armour
 h - an orb of guile
 q - the +0 robe "Nyczuxt" (worn) {SInv}
   (You bought it in a shop on level 4 of the Dungeon)

   SInv:      It lets you see invisible.
 t - a +1 helmet (worn)
 u - a +0 pair of gloves (worn)
 A - a +1 robe of fire resistance
 G - a +1 pair of boots (worn)
Jewellery
 c - a ring of flight (left hand)
 m - a ring of resist corrosion
 B - a ring of magical power
 K - a ring of wizardry
Wands
 y - a wand of charming (7)
 F - a wand of acid (10)
Scrolls
 a - 3 scrolls of enchant weapon {unknown}
 r - 2 scrolls of fog
 s - a scroll of immolation
 D - a scroll of blinking {unknown}
 H - a scroll of identify
Potions
 b - 3 potions of curing {unknown}
 d - a potion of resistance
 e - 4 potions of cancellation {unknown}
 f - a potion of berserk rage
 g - a potion of ambrosia
 j - a potion of mutation
 l - a potion of heal wounds
 o - a potion of brilliance
 p - a potion of might {unknown}
 v - a potion of degeneration {unknown}
 x - a potion of attraction {unknown}
 z - a potion of invisibility {unknown}


   Skills:
 + Level 3.5 Fighting
 - Level 2.7 Maces & Flails
 + Level 5.3 Polearms
 + Level 0.2 Throwing
 + Level 3.8 Dodging
 + Level 5.2 Stealth
 + Level 5.5 Spellcasting
 * Level 9.5 Ice Magic


You had 13 spell levels left.
You knew the following spells:

 Your Spells              Type           Power      Damage    Failure   Level
a - Freeze                Ice            100%       1d11      1%          1
b - Ozocubu's Armour      Ice            43%        N/A       1%          3
c - Frozen Ramparts       Ice            86%        1d10      1%          3

Your spell library contained the following spells:

 Spells                   Type           Power      Damage    Failure   Level
 Magic Dart               Conj           20%        1d4       11%         1
 Hailstorm                Conj/Ice       24%        3d7       16%         4
 Searing Ray              Conj           10%        2d4       17%         2
 Static Discharge         Conj/Air       5%         N/A       17%         2
 Cause Fear               Hex            2%         N/A       73%         4
 Fulminant Prism          Conj/Hex       2%         3d6       73%         4
 Lightning Bolt           Conj/Air       2%         1d14      97%         5
 Dispersal                Tloc           2%         N/A       100%        6
 Dragon Form              Tmut           2%         N/A       100%        7
 Disjunction              Tloc           2%         N/A       100%        8
 Maxwell's Capacitive Co  Air            2%         ∞         100%        8
 Dragon's Call            Summ           2%         N/A       100%        9


Dungeon Overview and Level Annotations

Branches:
Dungeon (8/15)             Temple (1/1) D:4
   Lair: D:8-11

Altars:
Ashenzari
Cheibriados
Dithmenos
Elyvilon
Fedhas
Gozag
Hepliaklqana
Kikubaaqudgha
Makhleb
Nemelex Xobeh
Qazlal
Ru
Sif Muna
Trog
Uskayaw
Vehumet
Wu Jian
Yredelemnul
Zin
The Shining One

Shops:
D:4 [


Innate Abilities, Weirdness & Mutations

You sometimes gain power by taking damage.
You are mostly covered in sharp spines.
You have an unusually large brain. (Int +2)


Message History

The electric eel shoots out a bolt of lightning at you!
The bolt of electricity hits you. You resist.
You reach to attack!
You puncture the electric eel!
The electric eel is poisoned.
The electric eel is heavily wounded.
You reach to attack!
You puncture the electric eel!
The electric eel looks as sick as possible!
The electric eel is almost dead.
You kill the electric eel!
You hear a splash.
No target in view!
You reach down and open the door.
There is an open door here.
Found a stone staircase leading down.
You now have 305 gold pieces (gained 17).
Found a spear.
Found 20 stones.
A cyclops comes into view.
Casting: Ozocubu's Armour (safe; 1% risk of failure)
Confirm with . or Enter, or press ? or * to list all spells.
A film of ice covers your body!
The cyclops shouts!
Unknown command.
Casting: Ozocubu's Armour (safe; 1% risk of failure)
Confirm with . or Enter, or press ? or * to list all spells.
Casting: Frozen Ramparts (safe; 1% risk of failure)
Press: ? - help, Dir - look around, f - activate The walls around you are covered in ice.
The wall freezes the cyclops!
The cyclops throws a large rock.
The large rock hits you!
Unknown command.
The wall freezes the cyclops.
The cyclops throws a large rock.
The large rock hits you!!
The wall freezes the cyclops!
The cyclops throws a large rock.
The large rock closely misses you.
Unknown command.
The wall freezes the cyclops.
The cyclops throws a large rock.
The large rock hits you!!!
Ouch! That really hurt!
You die...

## . # #C #..##.#
.......########
#...@......#
##..######.#
#(........#######.
...#.##.........)..
#.#. ###...######
..##.#####..>..##
#.# . ...........##
.. . ..##.....#.##
##.##...###.#


You could see a cyclops.

Vanquished Creatures
  A komodo dragon (D:7)
  Prince Ribbit (D:6)
  3 yaks (D:5)
  An acid dragon (D:5)
  2 water moccasins (D:8)
  An orc warrior (D:7)
  4 sky beasts
  An ice beast (D:6)
  9 necrophages
  4 ogres
  A centaur (D:8)
  2 phantoms
  3 bullfrogs
  Blork the orc (D:5)
  3 scorpions
  2 water moccasin skeletons
  3 killer bees (D:4)
  A wight (D:7)
  An electric eel (D:8)
  3 centaur zombies
  A human zombie (D:7)
  3 jellies
  An orc priest (D:4)
  A centaur skeleton (D:6)
  Jessica (D:3)
  Natasha (thrice) (D:4)
  An iguana (D:7)
  3 orc wizards
  A scorpion zombie (D:5)
  A hound skeleton (D:4)
  Robin (D:4)
  3 gnolls (D:8)
  2 howler monkey zombies (D:7)
  9 adders
  A white imp (D:5)
  9 worms
  2 dart slugs
  19 orcs
  10 ball pythons
  12 endoplasms
  6 giant cockroaches
  15 goblins
  16 hobgoblins
  8 jackals
  12 kobolds
  2 quokkas
  7 bats
  A frilled lizard (D:3)
  7 rats
205 creatures vanquished.

Notes
Turn   | Place    | Note
-------+----------+-------------------------------------------
     0 | D:1      | Icepheonix32 the Demonspawn Ice Elementalist began the
                  | quest for the Orb.
     0 | D:1      | Reached XP level 1. HP: 13/13 MP: 3/3
    78 | D:1      | Reached skill level 4 in Ice Magic
   356 | D:1      | Found a faded altar of an unknown god.
   373 | D:1      | Gained mutation: You sometimes gain a little power by
                  | taking damage. [demonic ancestry]
   373 | D:1      | Reached XP level 2. HP: 19/19 MP: 3/5
   692 | D:2      | Reached XP level 3. HP: 22/24 MP: 4/6
   696 | D:2      | Learned a level 3 spell: Ozocubu's Armour
  1342 | D:1      | Reached skill level 5 in Ice Magic
  2006 | D:3      | Gained mutation: You sometimes gain power by taking damage.
                  | [demonic ancestry]
  2006 | D:3      | Reached XP level 4. HP: 17/30 MP: 2/7
  2379 | D:3      | Learned a level 3 spell: Frozen Ramparts
  2722 | D:3      | Noticed a necrophage
  2734 | D:3      | Killed a necrophage
  2735 | D:3      | Gained mutation: You have an unusually large brain. (Int
                  | +2) [demonic ancestry]
  2735 | D:3      | Reached XP level 5. HP: 28/36 MP: 2/8
  2993 | D:3      | Noticed Jessica
  3003 | D:3      | Killed Jessica
  3004 | D:3      | Reached skill level 6 in Ice Magic
  3700 | D:4      | Reached XP level 6. HP: 32/42 MP: 5/9
  3931 | D:4      | Reached skill level 1 in Fighting
  3958 | D:4      | Found a staircase to the Ecumenical Temple.
  3958 | D:4      | Noticed Robin
  3966 | D:4      | Reached skill level 1 in Maces & Flails
  3991 | D:4      | Killed Robin
  4129 | Temple   | Entered the Ecumenical Temple
  4803 | D:4      | Gained mutation: You are partially covered in sharp spines.
                  | [demonic ancestry]
  4803 | D:4      | Reached XP level 7. HP: 34/48 MP: 6/10
  5224 | D:4      | Found Wom Hoeh's Antique Armour Shoppe.
  5230 | D:4      | Bought a sheer robe for 125 gold pieces
  5230 | D:4      | Identified the +0 robe "Nyczuxt" {SInv} (You bought it in a
                  | shop on level 4 of the Dungeon)
  5246 | D:4      | Bought a runed leather armour for 110 gold pieces
  5529 | D:4      | Found a faded altar of an unknown god.
  5537 | D:4      | Found an ornate altar of the Wu Jian Council.
  5539 | D:4      | Found a blossoming altar of Fedhas.
  5541 | D:4      | Found a radiant altar of Vehumet.
  5609 | D:4      | Noticed Natasha
  5614 | D:4      | Killed Natasha
  5658 | D:4      | Reached skill level 7 in Ice Magic
  6184 | D:4      | Noticed Natasha
  6189 | D:4      | Killed Natasha
  6719 | D:4      | Noticed Natasha
  6737 | D:4      | Killed Natasha
  6770 | D:5      | Entered Level 5 of the Dungeon
  6815 | D:5      | Reached XP level 8. HP: 17/56 MP: 6/13
  6864 | D:5      | Reached skill level 8 in Ice Magic
  7376 | D:5      | Found the +8 trident of the Octopus King {venom, rElec
                  | rPois}
  7387 | D:5      | Noticed Blork the orc
  7399 | D:5      | Killed Blork the orc
  7655 | D:5      | You are sucked into a shaft and drop 1 floor!
  7705 | D:6      | Reached skill level 5 in Spellcasting
  7910 | D:5      | Gained mutation: You are mostly covered in sharp spines.
                  | [demonic ancestry]
  7910 | D:5      | Reached XP level 9. HP: 59/61 MP: 16/16
  8337 | D:6      | Noticed Prince Ribbit
  8344 | D:6      | Killed Prince Ribbit
  8345 | D:6      | Reached skill level 1 in Polearms
  9470 | D:7      | Found a burning altar of Makhleb.
  9474 | D:7      | Found a hide-covered altar of Uskayaw.
  9478 | D:7      | Found a shadowy altar of Dithmenos.
  9637 | D:7      | Noticed a komodo dragon
  9639 | D:7      | Reached skill level 9 in Ice Magic
  9647 | D:7      | Killed a komodo dragon
 10026 | D:7      | Found a basalt altar of Yredelemnul.
 10054 | D:7      | Reached skill level 5 in Stealth
 10327 | D:7      | Reached XP level 10. HP: 62/64 MP: 15/18
 10456 | D:7      | Found a bloodstained altar of Trog.
 10929 | D:8      | Reached skill level 5 in Polearms
 10994 | D:8      | Found a hazy altar of Hepliaklqana.
 11497 | D:8      | Noticed a cyclops
 11503 | D:8      | Hit by a large rock thrown by a cyclops

Illustrated notes

Levels and vault maps discovered:
D:1:      wander_arrival_estate, layout_rooms,
          shapermc_ecumenical_altar_mp_highgroup, minmay_rat_gold_closets
D:2:      layout_rooms, hex_large
D:3:      layout_loops_cross, mainiacjoe_overflow_alcove_4,
          nicolae_elevator_lobby_plus, uniq_jessica
D:4:      minmay_general_purpose_star, layout_basic,
          chequers_temple_overflow_minitemple, minmay_temple_entry_waves,
          serial_shops, shop_statue, st_stairs_2, minmay_statues_item,
          nicolae_wormholes, uniq_natasha, uniq_robin
D:5:      corexii_shack_village, layout_basic, uniq_blork_the_orc
D:6:      layout_loops_ring, kennysheep_doodads, kennysheep_pointless_box,
          uniq_prince_ribbit1
D:7:      layout_layer_cave, grunt_temple_overflow_diamond,
          lemuel_mausoleum_altar_yredelemnul, lightli_temple_of_fire
D:8:      layout_loops_ring, nicolae_overflow_crystal_walls,
          kennysheep_small_spiral, minmay_manual_mares
Temple:   chequers_temple_sunken

Skill      XL: |  1  2  3  4  5  6  7  8  9 10 |
---------------+-------------------------------+-----
Ice Magic      | 4 5 6 7 8 9 |  9.5
Dodging        | 2 3 |  3.8
Stealth        | 2 3 5 |  5.2
Fighting       | 1 2 3 |  3.5
Maces & Flails | 1 2 |  2.7
Spellcasting   | 3 5 |  5.5
Polearms       | 4 5 |  5.3
Throwing       | |  0.2

Action                   |  1- 3 |  4- 6 |  7- 9 | 10-12 || total
-------------------------+-------+-------+-------+-------++-------
Melee: Unarmed           |     6 |       |       |       ||     6
       Dagger            |     8 |       |       |       ||     8
       Short sword       |    66 |    50 |       |       ||   116
       Punch             |     1 |     2 |     4 |       ||     7
       Club              |       |    42 |    70 |       ||   112
       Trident           |       |       |   133 |    35 ||   168
Throw: Dart              |       |     2 |     4 |     1 ||     7
 Cast: Freeze            |    45 |    14 |     1 |       ||    60
       Ozocubu's Armour  |       |    12 |    17 |     4 ||    33
       Frozen Ramparts   |       |     9 |    19 |     1 ||    29
  Use: Scroll            |     4 |       |     4 |       ||     8
       Potion            |       |     1 |     2 |       ||     3
 Stab: Sleeping          |       |     4 |    14 |     3 ||    21
       Distracted        |       |       |       |     1 ||     1
Armor: Robe              |    37 |    45 |    34 |     7 ||   123
Dodge: Dodged            |   104 |    84 |   105 |    11 ||   304
